 Dungeon Crawl Stone Soup version 0.29.0-4-gdea44cf6ec (webtiles) character file.

Game seed: 3146437708159533520

102 qw the Chopper (level 4, -7/26 HPs)
             Began as a Tengu Warper on Aug 28, 2022.
             Mangled by Grinder (8 damage)
             ... while paralysed by Grinder
             ... on level 3 of the Dungeon.
             The game lasted 00:00:16 (2494 turns).

qw the Chopper (Tengu Warper)                       Turns: 2494, Time: 00:00:16

Health: -7/26      AC: 11    Str: 12 (14) XL:     4   Next: 77%
Magic:  8/8        EV:  2    Int: 12 (13) God:
Gold:   229        SH:  0    Dex: 11 (13) Spells: 7/7 levels left

rFire   + . .      SeeInvis .   Y - +0 hand axe
rCold   . . .      Faith    .   (no shield)
rNeg    . . .      Spirit   .   f - +0 chain mail
rPois   .          Reflect  .   (helmet restricted)
rElec   .          Harm     .   (no cloak)
rCorr   .          Rampage  .   e - +2 pair of gloves
Will    .....                   (boots unavailable)
Stlth   ..........              (no amulet)
HPRegen 0.08/turn               a - ring of protection from fire
MPRegen 0.11/turn               (no ring)

@: paralysed
A: beak, talons 3
a: no special abilities


You were on level 3 of the Dungeon.
You visited 1 branch of the dungeon, and saw 3 of its levels.

You collected 229 gold pieces.


Innate Abilities, Weirdness & Mutations

You have a beak for a mouth.
You have claws for feet.


   Skills:
 - Level 2.0 Fighting
 - Level 5.0 Axes
 - Level 1.0 Throwing
 + Level 2.0 Armour
 - Level 2.1 Dodging
 - Level 2.0 Spellcasting
 - Level 2.4 Translocations


You had 7 spell levels left.
You didn't know any spells.
Your spell library contained the following spells:

 Spells                   Type           Power      Damage    Failure   Level
 Blink                    Tloc           12%        N/A       99%         2
 Gell's Gravitas          Tloc           6%         N/A       100%        3
 Lesser Beckoning         Tloc           6%         N/A       100%        3
 Teleport Other           Tloc           6%         N/A       100%        3
 Manifold Assault         Tloc           6%         N/A       100%        5

Inventory:

Hand Weapons
 d - a +0 mace
 Y - a +0 hand axe (weapon)
Armour
 c - a +0 plate armour
 e - a +2 pair of gloves (worn)
 f - a +0 chain mail (worn)
Jewellery
 a - a ring of protection from fire (left hand)
Scrolls
 m - 3 scrolls of identify
Potions
 b - a potion of curing
 g - a potion of brilliance {unknown}
 h - a potion of ambrosia {unknown}
 i - a potion of might {unknown}
 j - a potion of heal wounds {unknown}
 k - a potion of flight {unknown}

Dungeon Overview and Level Annotations

Branches:
Dungeon (3/15)

Altars:
Ru

Annotations:
D:3 Grinder


Message History

You hit the bat.
The bat is moderately wounded.
The bat hits you but does no damage. x2
The bat closely misses you. The bat barely misses you. x2
You barely miss the bat. Your kick misses the bat. Your punch misses the bat.
The bat hits you but does no damage. x2
The bat hits you but does no damage. The bat hits you but does no damage.
The bat barely misses you.
You hit the bat.
You kill the bat!
You see here a bat corpse.
A ball python comes into view.
Found a potion of curing.
The ball python hisses angrily.
You barely miss the ball python. You claw the ball python.
You kill the ball python!
You now have 229 gold pieces (gained 10).
Grinder comes into view.
Grinder shouts!
You hear a shout!
Grinder drinks a potion.
Grinder seems to speed up.
A hobgoblin comes into view.
2487 ||| Stepping ~*~*~tactically~*~*~ (hiding).
You start waiting.
Grinder is nearby!
Grinder blinks!
Grinder hits you.
You writhe in agony.
Grinder hits you.
You writhe in agony.
You closely miss Grinder. You claw Grinder!
Grinder is lightly wounded.
You hit the hobgoblin. Grinder hits you! The hobgoblin barely misses you.
You hit the hobgoblin.
You kill the hobgoblin!
You closely miss Grinder. Grinder gestures at you.
You suddenly lose the ability to move!
Grinder hits you but does no damage.
Your Armour skill increases to level 2!
Grinder hits you.
You writhe in agony.
Grinder hits you but does no damage. Grinder hits you!
You die...

###>##.###.## ####
#.....#.### ..#
####......#### #..
..######...... ##.## #.#
#...### #!..####.# #...#
#.....##.# #...#
#...#.##.# #...#
##..@5..%######...###
#..%#.###............
......###...............
....#.#.#.###...[........
...##. 5 ######...%.##
..# #. g #.....## ## #.
#.....## #.....#.
#.).....


You could see Grinder (fast).

Vanquished Creatures
  4 adders (D:2)
  3 dart slugs
  5 orcs (D:2)
  6 ball pythons
  3 endoplasms (D:1)
  2 giant cockroaches
  6 goblins
  4 hobgoblins
  4 jackals (D:1)
  A quokka (D:1)
  7 bats
  3 kobolds (D:1)
  5 rats
53 creatures vanquished.

Notes
Turn   | Place    | Note
-------+----------+-------------------------------------------
     0 | D:1      | qw the Tengu Warper began the quest for the Orb.
     0 | D:1      | Reached XP level 1. HP: 12/12 MP: 4/4
     0 | D:1      | 0 ||| qw: Version: 0.1-a-89-g26bdef1
     0 | D:1      | 0 ||| qw: Game counter: 1214
     0 | D:1      | 0 ||| qw: Always use a shield: true
     0 | D:1      | 0 ||| qw: God list: Okawaru
     0 | D:1      | 0 ||| qw: Allow faded altars: false
     0 | D:1      | 0 ||| qw: Do Orc after D:15 true
     0 | D:1      | 0 ||| qw: Do second Lair branch before Depths: true
     0 | D:1      | 0 ||| qw: Lair rune preference: random
     0 | D:1      | 0 ||| qw: Plans: Normal
     0 | D:1      | 0 ||| PLANNING D:1-11
     3 | D:1      | 3 ||| Stepping ~*~*~tactically~*~*~ (stealth).
   231 | D:1      | Reached skill level 3 in Axes
   231 | D:1      | Reached XP level 2. HP: 17/17 MP: 6/6
   369 | D:1      | 369 ||| Stepping ~*~*~tactically~*~*~ (stealth).
   478 | D:1      | 478 ||| DROPPING +0 club.
   656 | D:1      | 656 ||| Stepping ~*~*~tactically~*~*~ (stealth).
   685 | D:1      | 685 ||| Stepping ~*~*~tactically~*~*~ (stealth).
   687 | D:1      | 687 ||| Stepping ~*~*~tactically~*~*~ (stealth).
   689 | D:1      | 689 ||| Stepping ~*~*~tactically~*~*~ (stealth).
   693 | D:1      | 693 ||| Stepping ~*~*~tactically~*~*~ (stealth).
   696 | D:1      | 696 ||| Stepping ~*~*~tactically~*~*~ (stealth).
   700 | D:1      | Reached XP level 3. HP: 21/21 MP: 7/7
   906 | D:1      | 906 ||| Stepping ~*~*~tactically~*~*~ (stealth).
   969 | D:1      | Reached skill level 4 in Axes
  1084 | D:1      | 1084 ||| UPGRADING to +2 pair of gloves.
  1089 | D:1      | 1089 ||| UPGRADING to +0 chain mail.
  1099 | D:1      | 1099 ||| DROPPING +0 leather armour.
  1100 | D:1      | 1100 ||| READING scroll labelled MOIPIEX QUMA.
  1104 | D:1      | 1104 ||| READING scroll labelled SIRPHI WOERO.
  1105 | D:1      | 1105 ||| READING 2 scrolls labelled GYP UJ TEZAZ.
  1106 | D:1      | 1106 ||| DRINKING 2 brown potions.
  1145 | D:1      | 1145 ||| DROPPING scroll of blinking.
  1146 | D:1      | 1146 ||| DROPPING potion of lignification.
  1357 | D:2      | 1357 ||| Stepping ~*~*~tactically~*~*~ (stealth).
  1385 | D:2      | Reached XP level 4. HP: 26/26 MP: 8/8
  1502 | D:2      | 1502 ||| Stepping ~*~*~tactically~*~*~ (stealth).
  1542 | D:2      | Found a sacrificial altar of Ru.
  1970 | D:2      | 1970 ||| Stepping ~*~*~tactically~*~*~ (stealth).
  1977 | D:2      | 1977 ||| Stepping ~*~*~tactically~*~*~ (stealth).
  1978 | D:2      | 1978 ||| Stepping ~*~*~tactically~*~*~ (stealth).
  1979 | D:2      | 1979 ||| Stepping ~*~*~tactically~*~*~ (stealth).
  1984 | D:2      | 1984 ||| Stepping ~*~*~tactically~*~*~ (stealth).
  1985 | D:2      | 1985 ||| Stepping ~*~*~tactically~*~*~ (stealth).
  1997 | D:2      | Reached skill level 5 in Axes
  2033 | D:2      | Found a faded altar of an unknown god.
  2207 | D:2      | 2207 ||| UPGRADING to ring of protection from fire.
  2208 | D:2      | 2208 ||| READING scroll labelled JOXKERISISH.
  2209 | D:2      | 2209 ||| DRINKING 2 amethyst potions.
  2210 | D:2      | 2210 ||| DRINKING 2 orange potions.
  2211 | D:2      | 2211 ||| DROPPING potion of degeneration.
  2486 | D:3      | Noticed Grinder
  2487 | D:3      | 2487 ||| Stepping ~*~*~tactically~*~*~ (hiding).
  2491 | D:3      | HP: 6/26 [Grinder (7)]
  2492 | D:3      | Paralysed by Grinder for 3 turns
  2493 | D:3      | HP: 1/26 [Grinder (2)]
  2494 | D:3      | Mangled by Grinder

Levels and vault maps discovered:
D:1:      dpeg_arrival_rhombi, layout_basic
D:2:      layout_loops_cross, hellmonk_ecumenical_altar_defaced_shrine,
          basic_altar, kennysheep_cross_room, minmay_octomino_j4
D:3:      layout_loops_cross, uniq_jessica, uniq_grinder

Skill      XL: |  1  2  3  4 |
---------------+-------------+-----
Axes           | 3 4 5 |  5.0
Armour         | 2 |  2.0
Fighting       | |  2.0
Throwing       | |  1.0
Dodging        | |  2.1
Spellcasting   | |  2.0
Translocations | |  2.4

Action                   |  1- 3 |  4- 6 || total
-------------------------+-------+-------++-------
Melee: Hand axe          |    72 |    55 ||   127
       Kick              |    16 |    10 ||    26
       Peck              |    10 |     7 ||    17
Throw: Boomerang         |     7 |       ||     7
  Use: Scroll            |     3 |     1 ||     4
       Potion            |     1 |     2 ||     3
Armor: Leather armour    |    13 |       ||    13
       Chain mail        |    17 |    53 ||    70
Dodge: Dodged            |    29 |    24 ||    53

Table legend:
 A = Non-vault XP
 B = Vault XP
 C = Vault XP percentage of total XP
 D = Non-vault monster count
 E = Vault monster count
 F = Vault count percentage of total count
                 A         B        C        D         E       F
            +---------+---------+-------+---------+---------+-------
      Total |     129 |      17 |  11.6 |      46 |       7 |  13.2
            +---------+---------+-------+---------+---------+-------
        D:1 |      48 |       0 |   0.0 |      25 |       0 |   0.0
        D:2 |      66 |      17 |  20.5 |      13 |       7 |  35.0
        D:3 |      15 |       0 |   0.0 |       8 |       0 |   0.0
            +---------+---------+-------+---------+---------+-------
